 Dungeon Crawl Stone Soup version 0.17.1-2-g5865329 (webtiles) character file.

260764 FortyThree the Cloud Mage (level 19, -8/141 HPs)
             Began as a High Elf Wizard on Feb 5, 2016.
             Was the Champion of Ashenzari.
             Hit by a large rock thrown by a stone giant (34 damage)
             ... on level 2 of the Vaults on Feb 7, 2016.
             The game lasted 05:06:57 (71526 turns).

FortyThree the Cloud Mage (High Elf Wizard)        Turns: 71526, Time: 05:06:57

Health: -8/141     AC: 20    Str: 11    XL:     19   Next: 18%
Magic:  34/40      EV: 23    Int: 32    God:    Ashenzari [******]
Gold:   2978       SH:  0    Dex: 18    Spells: 11 memorised, 6 levels left

rFire  + . .     SeeInvis +     l - +5 lajatang (elec) (curse)
rCold  . . .     Clarity  +     D - +3 leather armour "Zalixt" {+Inv rElec Stlth+} (curse)
rNeg   . . .     SustAt   .     (shield currently unavailable)
rPois  .         Gourm    .     T - +2 helmet {Int+3} (curse)
rElec  +         Spirit   .     n - +2 cloak (curse)
rCorr  .         Warding  .     Z - +1 pair of gloves {Str+3} (curse)
rMut   .         Stasis   .     s - +2 pair of boots (curse)
MR     +....                    F - amulet of regeneration (curse)
Stlth  ++++......               u - ring of protection from fire
                                E - +3 ring of intelligence (curse)

@: somewhat resistant to hostile enchantments, stealthy
A: no striking features
a: Scrying, Transfer Knowledge, Renounce Religion, Evoke Invisibility
}: 2/15 runes: decaying, gossamer


You were on level 2 of the Vaults.
You worshipped Ashenzari.
Ashenzari was exalted by your worship.
You were hungry.

You visited 7 branches of the dungeon, and saw 38 of its levels.
You visited the Abyss 1 time.
You also visited: Bailey and Ice Cave.

You collected 4276 gold pieces.
You spent 1298 gold pieces at shops.

Inventory:

Hand Weapons
 l - a cursed +5 lajatang of electrocution (weapon)
Armour
 n - a cursed +2 cloak (worn)
 s - a cursed +2 pair of boots (worn)
 D - the cursed +3 leather armour "Zalixt" (worn) {+Inv rElec Stlth+}
   (You bought it in a shop on level 4 of the Orcish Mines)

   It insulates you from electricity.
   It lets you turn invisible.
   It makes you more stealthy.
   It has a curse placed upon it.
 T - a cursed +2 helmet of intelligence (worn)
 Z - a cursed +1 pair of gloves of strength (worn)
Jewellery
 k - a +4 ring of intelligence
 o - an uncursed ring of protection from magic
 u - a ring of protection from fire (right hand)
 E - a cursed +3 ring of intelligence (left hand)
 F - a cursed amulet of regeneration (around neck)
 O - an uncursed ring of flight
Wands
 e - a wand of cold (6)
 G - a wand of digging (4)
 K - a wand of draining (4)
 Q - a wand of hasting (5)
Scrolls
 g - 2 scrolls of curse weapon
 h - a scroll of holy word {unknown}
 i - 9 scrolls of amnesia
 j - a scroll of immolation
 t - 3 scrolls of magic mapping
 x - 11 scrolls of identify
 y - 3 scrolls of curse jewellery
 z - 2 scrolls of remove curse
 C - a scroll of blinking
 L - 3 scrolls of fog
 P - 3 scrolls of recharging
 S - 2 scrolls of enchant armour
 V - 3 scrolls of fear
 W - 4 scrolls of teleportation
 X - 2 scrolls of silence
Potions
 a - 2 potions of magic
 f - 2 potions of agility
 m - 5 potions of cancellation
 r - 6 potions of might
 A - 3 potions of haste
 B - a potion of cure mutation
 H - 3 potions of invisibility
 I - 3 potions of resistance
 J - 4 potions of brilliance
 N - a potion of heal wounds
 R - 5 potions of flight
Books
 b - Sif Muna's Tome of Shape Shifting and Earth
   (You found it on level 1 of the Vaults)

   Spells                             Type                      Level
   a - Sticks to Snakes               Transmutation                2
   b - Passwall                       Transmutation/Earth          3
   c - Irradiate                      Conjuration/Transmutation    5
   d - Hydra Form                     Transmutation                6
   e - Statue Form                    Transmutation/Earth          6
   f - Dragon Form                    Transmutation                7
 c - a book of Minor Magic

   Spells                             Type                      Level
   a - Magic Dart                     Conjuration                  1
   b - Blink                          Translocation                2
   c - Call Imp                       Summoning                    2
   d - Repel Missiles                 Charms/Air                   2
   e - Slow                           Hexes                        2
   f - Conjure Flame                  Conjuration/Fire             3
   g - Mephitic Cloud                 Conjuration/Poison/Air       3
 p - a book of Flames

   Spells                             Type                      Level
   a - Flame Tongue                   Conjuration/Fire             1
   b - Throw Flame                    Conjuration/Fire             2
   c - Conjure Flame                  Conjuration/Fire             3
   d - Inner Flame                    Hexes/Fire                   3
   e - Sticky Flame                   Conjuration/Fire             4
   f - Fireball                       Conjuration/Fire             5
 q - a book of the Dragon

   Spells                             Type                      Level
   a - Flame Tongue                   Conjuration/Fire             1
   b - Cause Fear                     Hexes                        4
   c - Bolt of Fire                   Conjuration/Fire             6
   d - Dragon Form                    Transmutation                7
   e - Dragon's Call                  Summoning                    9
 v - a book of the Sky

   Spells                             Type                      Level
   a - Summon Lightning Spire         Summoning/Air                4
   b - Airstrike                      Air                          4
   c - Silence                        Hexes/Air                    5
   d - Deflect Missiles               Charms/Air                   6
   e - Conjure Ball Lightning         Conjuration/Air              6
   f - Tornado                        Air                          9
 Y - a book of Hinderance

   Spells                             Type                      Level
   a - Confusing Touch                Hexes                        2
   b - Confuse                        Hexes                        3
   c - Gell's Gravitas                Hexes/Translocation          3
   d - Petrify                        Transmutation/Earth          4
   e - Metabolic Englaciation         Hexes/Ice                    5
Miscellaneous
 M - a phial of floods
Comestibles
 d - 7 bread rations
 w - 16 meat rations


   Skills:
 - Level 15.8 Fighting
 - Level 9.7(15.3) Staves
 + Level 10.8 Armour
 - Level 10.0(14.2) Dodging
 - Level 2.1(5.5) Stealth
 - Level 16.6 Spellcasting
 - Level 8.6(11.5) Conjurations
 - Level 2.4(4.8) Charms
 - Level 0.8(2.4) Summonings
 - Level 1.1(2.9) Translocations
 + Level 22.1(24.2) Air Magic


You had 6 spell levels left.
You knew the following spells:

 Your Spells              Type           Power        Failure   Level  Hunger
a - Magic Dart            Conj           ####         0%          1    None
b - Blink                 Tloc           N/A          1%          2    None
c - Call Imp              Summ           #####...     1%          2    None
d - Mephitic Cloud        Conj/Pois/Air  #######.     1%          3    None
e - Conjure Flame         Conj/Fire      ######..     1%          3    None
f - Airstrike             Air            ########..   0%          4    None
g - Summon Lightning Spi  Summ/Air       #######.     1%          4    None
h - Silence               Hex/Air        #######...   1%          5    None
i - Conjure Ball Lightni  Conj/Air       #######...   1%          6    #......
j - Deflect Missiles      Chrm/Air       #######...   1%          6    #......
k - Tornado               Air            ########..   12%         9    #######


Dungeon Overview and Level Annotations

Branches:
Dungeon (15/15)            Temple (1/1) D:4            Lair (8/8) D:10
  Swamp (4/4) Lair:3       Spider (4/4) Lair:3        Slime (0/6) Lair:7
    Orc (4/4) D:9             Elf (0/3) Orc:4        Vaults (2/5) D:14
 Depths (0/5) D:15
  Crypt: Vaults:2-3

Altars:
Ashenzari
Cheibriados
Dithmenos
Elyvilon
Fedhas
Gozag
Kikubaaqudgha
Makhleb
Nemelex Xobeh
Okawaru
Qazlal
Ru
Sif Muna
Trog
Vehumet
Xom
Yredelemnul
Zin
The Shining One
Beogh

Shops:
D:5 !(   D:7 !   D:9 (   D:10 (   D:11 (   Orc:1 *   Orc:4 [(:[   Vaults:1 *


Message History

You slash the yaktaur captain!
The yaktaur captain is lightly wounded.
The fire giant zombie hits you!
The deep elf mage shouts!
You slash the yaktaur captain!
The yaktaur captain is moderately wounded.
The yaktaur captain barely misses you.
You barely miss the yaktaur captain.
The yaktaur captain is moderately wounded.
The yaktaur captain barely misses you.
The fire giant zombie hits you but does no damage.
An ogre mage comes into view.
The yaktaur captain wields an uncursed arbalest.
The yaktaur captain shoots a bolt.
The bolt hits you!
* * * LOW HITPOINT WARNING * * *
You hear a shout!
The yaktaur captain shoots a bolt.
The bolt hits you!
* * * LOW HITPOINT WARNING * * *
The stone giant throws a large rock.
The large rock hits you!!
You die...

##.......#* *##
#.......## #.#
#.....)).## #..#
#.........###...#
#....#..<..#....#
#...###...).....#
#..# ##........#
#.# ##.))....# ##*
##..@.<..##
##.Z.....##
##c......##
#O.Z....##
###########C#######
.......(((((#
..%.......O.#
..#.##..##{)#
,..#..##{{#)#


You could see a stone giant, a yaktaur captain, a two-headed ogre, a fire giant
zombie and a yaktaur skeleton.

Vanquished Creatures
  Nikola (Swamp:2)
  Arachne (Spider:2)
  Jorgrun (Spider:2)
  A tentacled starspawn (Abyss:1)
  Gastronok (D:12)
  3 thorn hunters
  Wiglaf (Spider:4)
  2 frost giants (Vaults:1)
  A ghost moth (shapeshifter) (Vaults:1)
  Donald (Swamp:2)
  A fire giant (Vaults:1)
  Maud (Lair:6)
  4 vault wardens
  Louise (Swamp:4)
  3 ghost moths
  7 emperor scorpions
  A war gargoyle (Vaults:1)
  2 ironheart preservers
  A red draconian (Abyss:1)
  The ghost of inmateoo the Destroyer, a journeyman OpCj of Vehumet (Lair:7)
  Snorg (D:13)
  A deep elf death mage (Vaults:2)
  An ettin (Orc:4)
  A vault guard (Vaults:1)
  2 fire dragons (Vaults:1)
  4 yaktaur captains
  27 hydras
  A ghost crab (Swamp:3)
  2 rakshasas (D:13)
  Erolcha (D:11)
  A catoblepas (D:14)
  4 centaur warriors
  4 alligators
  A vampire mage (D:15)
  Urug (Lair:4)
  2 ogre magi
  A tengu warrior (D:13)
  Sonja (Orc:2)
  Nergalle (Orc:2)
  4 unseen horrors
  A deep elf knight (Vaults:1)
  A wretched star (Abyss:1)
  6 skeletal warriors (D:15)
  3 wizards
  A golden dragon zombie (Abyss:1)
  4 large abominations (Abyss:1)
  4 spriggan druids
  7 swamp dragons (Swamp:4)
  A deep elf summoner (Vaults:2)
  3 ironbrand convokers (Vaults:1)
  A sphinx zombie (D:15)
  A tengu zombie (Vaults:1)
  3 necromancers
  11 orc knights
  14 orb spiders
  3 shambling mangroves
  5 hill giants
  4 ugly things
  10 hornets
  27 wolf spiders
  5 cyclopes
  A harpy (Vaults:1)
  A salamander (shapeshifter) (D:13)
  4 griffons
  2 manticores (D:15)
  8 vault sentinels
  A moth of wrath (Spider:4)
  A manticore (shapeshifter) (Vaults:1)
  19 elephants
  Maurice (D:12)
  5 black mambas
  A stone giant skeleton (Vaults:1)
  A smoke demon (Abyss:1)
  3 torpor snails
  An ice statue (IceCv)
  35 spiny frogs
  An orange demon (Abyss:1)
  A storm dragon simulacrum (Vaults:1)
  A yaktaur zombie (D:15)
  An efreet (D:15)
  A yaktaur (shapeshifter) (Vaults:1)
  2 kobold demonologists
  28 yaktaurs
  An ancient zyme (Abyss:1)
  A fire drake (Lair:3)
  10 demonic crawlers
  2 komodo dragons (shapeshifter)
  7 komodo dragons
  A queen bee (Lair:7)
  12 polar bears
  9 giant leeches
  A freezing wraith (D:13)
  30 slime creatures
  20 jumping spiders
  A merfolk (shapeshifter) (D:12)
  A tengu simulacrum (Vaults:2)
  A two-headed ogre (shapeshifter) (D:15)
  5 trolls
  A frost giant simulacrum (Vaults:1)
  2 bog bodies
  5 two-headed ogres
  22 blink frogs
  2 boulder beetles
  15 trapdoor spiders
  2 spriggan zombies (D:15)
  A hog (Vaults:1)
  Sigmund (D:2)
  18 tarantellas
  39 yaks
  2 shadows
  9 wyverns
  4 deep elf magi
  38 redbacks
  A ynoxinul (Abyss:1)
  10 deep elf fighters
  A steam dragon (D:9)
  8 spriggans
  A small abomination (Abyss:1)
  4 wraiths
  2 basilisks
  A mottled dragon (D:12)
  42 vampire mosquitoes
  22 insubstantial wisps
  18 swamp worms
  14 hippogriffs
  7 wargs
  A soldier ant (D:10)
  3 hungry ghosts
  35 wolves
  21 water moccasins
  A soldier ant (shapeshifter) (D:15)
  46 orc warriors
  Duvessa (D:7)
  27 spiders
  13 porcupines
  3 sky beasts
  18 ogres
  A black bear (shapeshifter) (Vaults:1)
  17 swamp drakes
  6 ice beasts
  13 centaurs
  A human zombie (Vaults:1)
  5 phantoms
  An eye of draining (D:15)
  A boggart (D:13)
  12 wasps
  A black bear (Lair:2)
  12 crocodiles
  2 big kobolds (D:14)
  A brain worm (D:13)
  An ogre simulacrum (Vaults:1)
  39 giant frogs
  Dowan (D:7)
  A wyvern zombie (D:12)
  A glowing shapeshifter simulacrum (Vaults:2)
  2 scorpions
  4 wights (D:10)
  23 killer bees
  A human simulacrum (Vaults:2)
  5 crimson imps
  A vampire bat (Vaults:1)
  11 electric eels
  3 giant frog zombies
  8 hounds
  A quasit (D:5)
  3 centaur zombies
  3 giant frog skeletons
  7 jellies
  Crazy Yiuf (D:2)
  7 centaur skeletons
  34 orc priests
  An iron imp (Abyss:1)
  Jessica (D:2)
  Natasha (thrice) (D:3)
  15 worker ants
  8 iguanas
  2 killer bee zombies
  39 orc wizards
  9 sheep
  An elf simulacrum (Vaults:1)
  2 hound skeletons
  16 adders
  15 gnolls
  50 river rats
  4 shadow imps
  2 ufetubi (Abyss:1)
  2 oozes
  An adder skeleton (D:7)
  An adder zombie (D:7)
  2 worms (D:4)
  5 giant geckos
  208 orcs
  2 ball pythons (D:3)
  5 giant cockroaches
  12 goblins
  8 hobgoblins
  12 jackals
  5 quokkas
  5 bats
  A giant gecko zombie (D:5)
  7 giant newts
  20 kobolds
  A quokka zombie (D:9)
  10 rats
  A bush (Lair:6)
  3 fungi
  A plant (Lair:6)
1603 creatures vanquished.

Vanquished Creatures (collateral kills)
  A thorn hunter (Swamp:4)
  An emperor scorpion (Spider:4)
  A vault warden (Vaults:1)
  A vault guard (Vaults:1)
  3 hydras
  A swamp dragon (Swamp:4)
  An orb spider (Spider:4)
  A hill giant (D:10)
  A hornet (Spider:4)
  2 elephants
  3 spiny frogs
  A jumping spider (Spider:2)
  A yaktaur (Vaults:1)
  A troll (D:10)
  2 polar bears (IceCv)
  A blink frog (Lair:3)
  2 tarantellas (Spider:4)
  23 yaks
  7 wolves
  A porcupine (Lair:5)
  6 spiders (Lair:3)
  5 orc warriors (D:9)
  A black bear (Lair:2)
  A wasp (Spider:4)
  3 giant frogs
  2 killer bees (Lair:7)
  A wight (D:10)
  8 sheep
  34 river rats
  4 orcs
  3 goblins (Bailey)
  A hobgoblin (Bailey)
  9 kobolds (Bailey)
  A fungus (Lair:6)
134 creatures vanquished.

Vanquished Creatures (others)
  An ironheart preserver (Vaults:2)
  75 ball lightnings
  A shadow (Swamp:2)
  A deep elf fighter (D:14)
  3 wolves (Lair:7)
  36 fungi
  31 plants
  2 starspawn tentacles (Abyss:1)
  8 starspawn tentacle segments (Abyss:1)
158 creatures vanquished.

Grand Total: 1895 creatures vanquished

Notes
Turn   | Place    | Note
--------------------------------------------------------------
     0 | D:1      | FortyThree the High Elf Wizard began the quest for the Orb.
     0 | D:1      | Reached XP level 1. HP: 11/11 MP: 6/6
   615 | D:1      | Reached XP level 2. HP: 17/17 MP: 0/7
   757 | D:1      | Learned a level 2 spell: Blink
   760 | D:1      | Learned a level 2 spell: Call Imp
  1062 | D:1      | Reached skill level 4 in Spellcasting
  1628 | D:2      | Reached XP level 3. HP: 18/21 MP: 1/9
  1738 | D:2      | Learned a level 3 spell: Mephitic Cloud
  2139 | D:2      | Found a faded altar to an unknown god.
  2142 | D:2      | Noticed Sigmund
  2836 | D:2      | Killed Sigmund
  2836 | D:2      | Reached skill level 5 in Spellcasting
  2836 | D:2      | Reached XP level 4. HP: 18/27 MP: 2/12
  2836 | D:2      | Reached XP level 5. HP: 20/31 MP: 2/14
  3007 | D:2      | Noticed Jessica
  3022 | D:2      | Killed Jessica
  3022 | D:2      | Reached skill level 1 in Fighting
  3118 | D:2      | Learned a level 3 spell: Conjure Flame
  3273 | D:2      | Noticed Crazy Yiuf
  3306 | D:2      | Killed Crazy Yiuf
  3306 | D:2      | Reached XP level 6. HP: 38/38 MP: 5/15
  3392 | D:3      | Noticed Natasha
  3476 | D:3      | Reached skill level 5 in Conjurations
  3532 | D:3      | Killed Natasha
  3670 | D:3      | Noticed Natasha
  3672 | D:3      | Killed Natasha
  3688 | D:3      | Noticed Natasha
  3690 | D:3      | Killed Natasha
  3719 | D:3      | Found a bloodstained altar of Trog.
  4001 | D:3      | Noticed a two-headed ogre
  4029 | D:3      | Killed a two-headed ogre
  4029 | D:3      | Reached skill level 6 in Conjurations
  4029 | D:3      | Reached XP level 7. HP: 20/46 MP: 0/16
  4602 | D:4      | Found a shadowy altar of Dithmenos.
  4845 | D:4      | Found a sacrificial altar of Ru.
  5084 | D:4      | Reached skill level 1 in Air Magic
  5244 | D:4      | Found a staircase to the Ecumenical Temple.
  5266 | Temple   | Entered the Ecumenical Temple
  5361 | Temple   | Became a worshipper of Ashenzari the Shackled
  6060 | D:5      | Entered Level 5 of the Dungeon
  6914 | D:5      | Reached skill level 5 in Fighting
  6914 | D:5      | Reached XP level 8. HP: 53/55 MP: 12/17
  6964 | D:5      | Found Locwizxa's Antique Weapon Shoppe.
  7006 | D:5      | Found Suariu Rice's Distillery.
  7498 | D:5      | Found a sacrificial altar of Ru.
  7555 | D:5      | Learned a level 4 spell: Airstrike
  7945 | D:6      | Noticed a troll
  8206 | D:6      | Reached skill level 5 in Air Magic
  8375 | D:6      | Found a glowing silver altar of Zin.
  8481 | D:6      | Found a stormy altar of Qazlal.
  9472 | D:6      | Reached * piety under Ashenzari
 10207 | D:7      | Reached skill level 5 in Dodging
 10275 | D:7      | Identified the +2 ring mail "Qusch" {rC+}
 10585 | D:7      | Found Escho's Distillery.
 10593 | D:7      | Identified a scroll of acquirement
 10695 | D:7      | Reached skill level 7 in Air Magic
 10695 | D:7      | Reached XP level 9. HP: 58/61 MP: 6/19
 11220 | D:7      | Reached skill level 8 in Air Magic
 11536 | D:7      | Found a snail-covered altar of Cheibriados.
 11586 | D:7      | Noticed Duvessa
 11586 | D:7      | Noticed Dowan
 11606 | D:7      | Killed Duvessa
 11616 | D:7      | Killed Dowan
 12105 | D:7      | Reached skill level 9 in Air Magic
 13360 | D:8      | Reached XP level 10. HP: 66/66 MP: 13/20
 13530 | D:7      | Reached skill level 10 in Air Magic
 14329 | D:8      | Found a glowing golden altar of the Shining One.
 14662 | D:8      | Found a sparkling altar of Nemelex Xobeh.
 15123 | D:9      | Found a white marble altar of Elyvilon.
 15175 | D:9      | Found Isusolom's Antique Weapon Shoppe.
 15311 | D:5      | Bought a faintly glowing quarterstaff for 252 gold pieces
 15311 | D:5      | Identified the +4 quarterstaff of the Eternal Warrior {venom, Str+3} (You bought it in a shop on level 5 of the Dungeon)
 16059 | D:9      | Reached skill level 10 in Dodging
 16388 | D:8      | Learned a level 4 spell: Summon Lightning Spire
 17268 | D:9      | Found a staircase to the Orcish Mines.
 17433 | D:10     | Entered Level 10 of the Dungeon
 18640 | D:10     | Reached ** piety under Ashenzari
 18681 | D:10     | Reached XP level 11. HP: 74/74 MP: 2/24
 18822 | D:10     | Noticed a hill giant
 18844 | D:10     | Killed a hill giant
 18913 | D:10     | Found a staircase to the Lair.
 19055 | D:10     | Found Rirhih's Antique Weapon Emporium.
 19280 | D:10     | Killed an unseen horror
 19566 | D:10     | Killed an unseen horror
 19910 | Lair:1   | Entered Level 1 of the Lair of Beasts
 19962 | Lair:1   | Found a white marble altar of Elyvilon.
 20585 | Lair:1   | Reached skill level 10 in Spellcasting
 21014 | Lair:1   | Noticed a seven-headed hydra
 21032 | Lair:1   | Killed a seven-headed hydra
 21234 | Lair:1   | Noticed a four-headed hydra
 21286 | Lair:1   | Killed a four-headed hydra
 22411 | Lair:2   | Reached skill level 11 in Air Magic
 22600 | Lair:2   | Reached *** piety under Ashenzari
 23187 | D:9      | Bought a slimy rapier for 279 gold pieces
 23187 | D:9      | Identified the +8 rapier "Weosuteu" {flame, *Rage rElec rN+ Int+2} (You bought it in a shop on level 9 of the Dungeon)
 24444 | Lair:3   | Found a staircase to the Swamp.
 24605 | Lair:3   | Reached XP level 12. HP: 87/87 MP: 18/27
 24614 | Lair:3   | Reached skill level 10 in Fighting
 25409 | Lair:3   | Reached skill level 12 in Air Magic
 26916 | Lair:3   | Found a hole to the Spider Nest.
 27026 | Lair:4   | Noticed Urug
 27039 | Lair:4   | Killed Urug
 27835 | Lair:4   | Reached skill level 13 in Air Magic
 28090 | Lair:4   | Noticed an eight-headed hydra
 28098 | Lair:4   | Killed an eight-headed hydra
 28472 | D:9      | Bought a crude rapier for 279 gold pieces
 28472 | D:9      | Identified the +8 rapier of a wizard's laboratory {flame, *Corrode rN+ Stlth+} (You bought it in a shop on level 9 of the Dungeon)
 28636 | D:11     | Found a flagged portal.
 28655 | Bailey   | Entered a bailey
 28783 | Bailey   | Reached skill level 1 in Staves
 29737 | Lair:5   | Reached **** piety under Ashenzari
 30017 | Lair:5   | Identified the +1 chain mail "Ybezurgh" {rF+ MR+ Int+4}
 30410 | Lair:5   | Reached skill level 14 in Air Magic
 30729 | Lair:6   | Noticed a four-headed hydra
 30738 | Lair:6   | Found a frozen archway.
 30750 | IceCv    | Entered an ice cave
 30784 | IceCv    | Reached XP level 13. HP: 95/95 MP: 18/28
 31234 | IceCv    | Reached skill level 5 in Staves
 32074 | Lair:6   | Killed a four-headed hydra
 32338 | Lair:6   | Noticed a six-headed hydra
 32347 | Lair:6   | Killed a six-headed hydra
 32558 | Lair:6   | Reached skill level 15 in Air Magic
 33160 | Lair:7   | Noticed inmateoo's ghost (journeyman OpCj)
 33160 | Lair:7   | Noticed a seven-headed hydra
 33249 | Lair:7   | Noticed Maud
 33363 | Lair:6   | Killed a seven-headed hydra
 33538 | Lair:6   | Killed Maud
 34052 | Lair:6   | Learned a level 5 spell: Silence
 34571 | Lair:7   | Killed inmateoo's ghost
 34571 | Lair:7   | Reached skill level 16 in Air Magic
 35011 | Lair:7   | Reached XP level 14. HP: 42/101 MP: 29/29
 35536 | Lair:7   | Reached ***** piety under Ashenzari
 35617 | Lair:7   | Found a staircase to the Slime Pits.
 36306 | Lair:8   | Entered Level 8 of the Lair of Beasts
 36884 | Lair:7   | Reached skill level 17 in Air Magic
 37661 | Lair:8   | Learned a level 6 spell: Conjure Ball Lightning
 39220 | Lair:8   | Identified Sif Muna's Reference Book on the Voyage (You found it on level 8 of the Lair of Beasts)
 39814 | Orc:1    | Entered Level 1 of the Orcish Mines
 39910 | Orc:2    | Noticed Sonja
 40051 | Orc:2    | Killed Sonja
 40077 | Orc:2    | Found a roughly hewn altar of Beogh.
 40342 | Orc:2    | Noticed Nergalle
 40357 | Orc:2    | Killed Nergalle
 40493 | Orc:2    | Found a roughly hewn altar of Beogh.
 40607 | Orc:1    | Found a roughly hewn altar of Beogh.
 40872 | Orc:1    | Found a roughly hewn altar of Beogh.
 40982 | Orc:1    | Found Qapryu's General Store.
 41650 | Orc:3    | Found a roughly hewn altar of Beogh.
 41776 | Orc:4    | Entered Level 4 of the Orcish Mines
 42028 | Orc:4    | Found a staircase to the Elven Halls.
 42544 | Orc:4    | Reached XP level 15. HP: 69/111 MP: 18/31
 42847 | Orc:4    | Found Boligrin's Weapon Shop.
 42847 | Orc:4    | Found Wuab's Armour Emporium.
 42876 | Orc:4    | Found a roughly hewn altar of Beogh.
 43559 | Orc:4    | Found Ogyd's Antique Armour Shop.
 43559 | Orc:4    | Found Daybus's Book Emporium.
 43645 | Orc:4    | Bought the +3 leather armour "Zalixt" {+Inv rElec Stlth+} for 408 gold pieces
 44413 | D:11     | Found Ani Hual's Antique Weapon Boutique.
 44490 | D:11     | Reached ****** piety under Ashenzari
 44650 | D:11     | Noticed Erolcha
 44654 | D:11     | Killed Erolcha
 44654 | D:11     | Reached skill level 1 in Armour
 45292 | D:12     | Found a deep blue altar of Sif Muna.
 45764 | D:12     | Noticed Maurice
 45768 | D:12     | Killed Maurice
 46054 | D:12     | Noticed Gastronok
 46081 | D:12     | Killed Gastronok
 46164 | D:12     | Identified the +1 scale mail of Yredelemnul's Approval {rCorr}
 46518 | D:13     | Reached skill level 5 in Armour
 46930 | D:13     | Learned a level 6 spell: Deflect Missiles
 46982 | D:13     | Reached skill level 1 in Charms
 47102 | D:13     | Identified the +5 leather armour of Surprise {Str+2}
 47722 | D:13     | Noticed Snorg
 47741 | D:13     | Killed Snorg
 48225 | D:14     | Found a gate to the Vaults.
 48782 | D:15     | Entered Level 15 of the Dungeon
 49154 | D:15     | Reached XP level 16. HP: 46/117 MP: 26/33
 49645 | D:15     | Found a staircase to the Depths.
 50412 | Lair:2   | Noticed an eight-headed hydra
 50425 | Lair:2   | Killed an eight-headed hydra
 50570 | Spider:1 | Entered Level 1 of the Spider Nest
 50980 | Spider:1 | Reached skill level 10 in Armour
 51056 | Spider:1 | Paralysed by a hornet for 3 turns
 51061 | Spider:1 | Reached skill level 18 in Air Magic
 53178 | Spider:2 | Noticed Arachne
 53190 | Spider:2 | HP: 4/117 [Arachne/staff of poison (19)]
 53195 | Spider:2 | Killed Arachne
 53644 | Spider:2 | Noticed Jorgrun
 53656 | Spider:2 | Killed Jorgrun
 55044 | Spider:3 | Reached skill level 19 in Air Magic
 56116 | Spider:4 | Entered Level 4 of the Spider Nest
 56403 | Spider:4 | Reached XP level 17. HP: 123/123 MP: 11/35
 56948 | Spider:4 | Noticed Wiglaf
 56963 | Spider:4 | Killed Wiglaf
 59002 | Spider:4 | Got a gossamer rune of Zot
 59050 | Spider:4 | Reached skill level 20 in Air Magic
 59471 | Swamp:1  | Entered Level 1 of the Swamp
 59695 | Swamp:1  | Reached skill level 15 in Spellcasting
 60672 | Swamp:2  | Noticed Nikola
 60696 | Swamp:2  | Killed Nikola
 61475 | Swamp:2  | Learned a level 9 spell: Tornado
 61731 | Swamp:2  | Noticed Donald
 61748 | Swamp:2  | Killed Donald
 62660 | Swamp:3  | HP: 3/123 [swamp worm (16)]
 62690 | Swamp:3  | HP: 6/123 [alligator (10)]
 63489 | Swamp:4  | Entered Level 4 of the Swamp
 64457 | Swamp:4  | Paralysed by a hornet for 4 turns
 64461 | Swamp:4  | Paralysed by a hornet for 2 turns
 64532 | Swamp:3  | Reached skill level 21 in Air Magic
 64532 | Swamp:3  | Reached XP level 18. HP: 44/131 MP: 21/38
 64665 | Swamp:4  | Paralysed by a hornet for 3 turns
 65278 | Swamp:4  | Noticed Louise
 65489 | Swamp:4  | Cast into the Abyss (Louise)
 65546 | Abyss:1  | Found a corrupted altar of Lugonu.
 66215 | Swamp:4  | Escaped the Abyss
 66232 | Swamp:4  | Killed Louise
 66999 | Swamp:4  | HP: 6/132 [poisoned by a swamp dragon (poison gas)]
 67596 | Swamp:4  | Got a decaying rune of Zot
 67971 | Vaults:1 | Entered Level 1 of the Vaults
 68135 | Vaults:1 | Identified Sif Muna's Tome of Shape Shifting and Earth
 68202 | Vaults:1 | Reached skill level 15 in Fighting
 69529 | Vaults:1 | Found Jekly's General Store.
 69648 | Vaults:1 | Bought a potion of heal wounds for 80 gold pieces
 70634 | Vaults:1 | Reached XP level 19. HP: 141/141 MP: 40/40
 70864 | Vaults:1 | Identified the Incunabulum of Attacks and Ice
 71322 | Vaults:1 | Reached skill level 22 in Air Magic
 71526 | Vaults:2 | Hit by a large rock thrown by a stone giant

Action                   |  1- 3 |  4- 6 |  7- 9 | 10-12 | 13-15 | 16-18 | 19-21 || total
-------------------------+-------+-------+-------+-------+-------+-------+-------++-------
Melee: Unarmed           |     9 |       |       |       |       |       |       ||     9
       Dagger            |    14 |    20 |    80 |    88 |       |       |       ||   202
       Mace              |     8 |       |       |       |       |       |       ||     8
       Quarterstaff      |       |       |       |   181 |  1578 |       |       ||  1759
       Lajatang          |       |       |       |       |   282 |  1737 |   134 ||  2153
 Cast: Magic Dart        |    99 |    61 |   548 |   692 |     1 |     2 |       ||  1403
       Mephitic Cloud    |     3 |     7 |    34 |    60 |    15 |     5 |       ||   124
       Call Imp          |       |       |     1 |       |       |       |       ||     1
       Airstrike         |       |       |    18 |   205 |   343 |   440 |     3 ||  1009
       Conjure Flame     |       |       |     3 |     5 |     6 |     4 |       ||    18
       Blink             |       |       |     1 |    14 |    11 |    28 |     1 ||    55
       Summon Lightning  |       |       |       |    45 |    14 |    24 |       ||    83
       Silence           |       |       |       |       |     3 |     3 |       ||     6
       Conjure Ball Ligh |       |       |       |       |    25 |     6 |     1 ||    32
       Deflect Missiles  |       |       |       |       |     1 |     3 |       ||     4
       Tornado           |       |       |       |       |       |     4 |     3 ||     7
Evoke: Wand              |       |       |     3 |     7 |     2 |     9 |       ||    21
  Use: Scroll            |     6 |     4 |     8 |    12 |    18 |    21 |       ||    69
       Potion            |     1 |       |     1 |     1 |     3 |    25 |       ||    31
 Stab: Sleeping          |     3 |       |     1 |     2 |    21 |    11 |     1 ||    39
       Confused          |     1 |     2 |     2 |     8 |    15 |     3 |       ||    31
       Distracted        |       |       |     1 |     2 |     7 |    12 |       ||    22
  Eat: Chunk             |     4 |     4 |    21 |    43 |    56 |    16 |     1 ||   145
       Fruit             |     2 |       |     5 |     3 |       |     3 |       ||    13
       Pizza             |       |       |     2 |     1 |       |     3 |       ||     6
       Royal jelly       |       |       |     1 |     2 |     4 |     5 |       ||    12
       Beef jerky        |       |       |       |     7 |     5 |     2 |       ||    14
       Bread ration      |       |       |       |       |     2 |    14 |     1 ||    17
       Meat ration       |       |       |       |       |       |     1 |       ||     1
